Map: [ESL] Inside and Out

Players

HeroMarine - Winner!

  • Race: Terran Terran
  • Spawn Location: 1:00

Clem

  • Race: Terran Terran
  • Spawn Location: 7:00

Event: DreamHack SC2 Masters 2022 Atlanta (Online)

VOD

Have the link to the VOD?

Description

Time

  • Played on: Oct. 15, 2022, 11:50 a.m.
  • Length: 19:36

All games in this series

Show
View Real Time Build Order
Export as new Build Order

HeroMarine Terran - Winner!

Build Orders:  

Get SALT Encoding   

  12  0:00  SCV  
  13  0:12  SCV  
  14  0:17  Supply Depot  
  14  0:24  SCV  
  15  0:38  SCV  
  15  0:40  Barracks  
  16  0:43  Refinery  
  16  0:50  SCV  
  16  0:53  Refinery  
  17  1:03  SCV  
  18  1:15  SCV  
  19  1:27  Reaper, Orbital Command  
  20  1:33  Supply Depot  
  20  1:40  Factory  
  20  1:52  SCV  
  21  1:59  Reaper  
  22  2:05  SCV  
  23  2:16  Command Center  
  23  2:18  SCV  
  24  2:24  Hellion  
  26  2:31  Supply Depot, Reaper  
  26  2:35  SCV  
  28  2:45  Hellion  
  28  2:47  SCV  
  31  2:59  SCV  
  31  3:00  Starport  
  31  3:04  Barracks Reactor  
  32  3:06  Factory Tech Lab  
  32  3:11  SCV  
  33  3:19  Refinery  
  33  3:23  SCV  
  33  3:25  Cyclone  
  36  3:34  Orbital Command  
  36  3:35  SCV  
  36  3:39  Starport Tech Lab  
  36  3:47  SCV  
  37  3:51  Command Center  
  37  3:59  SCV, Raven  
  37  4:00  SCV  
  41  4:07  Siege Tank  
  44  4:11  SCV  
  44  4:12  SCV  
  44  4:16  Supply Depot  
  46  4:17  Marine x2  
  46  4:23  SCV  
  49  4:24  SCV  
  49  4:30  Refinery  
  48  4:35  SCV, Marine x2  
  48  4:36  SCV  
  52  4:41  Raven  
  52  4:43  Supply Depot  
  54  4:48  SCV x2  
  56  4:53  Marine x2  
  56  4:55  Siege Tank  
  61  5:00  SCV  
  61  5:02  Supply Depot, SCV  
  61  5:04  Orbital Command  
  63  5:12  SCV, Marine x2  
  66  5:14  SCV  
  67  5:23  Orbital Command  
  67  5:24  SCV  
  67  5:26  SCV  
  67  5:27  Siege Tank  
  72  5:34  Viking  
  72  5:35  Viking  
  76  5:36  SCV  
  76  5:38  SCV  
  78  5:44  Stimpack, Marine  
  78  5:45  Barracks x2  
  78  5:48  SCV  
  78  5:49  SCV  
  81  5:51  SCV  
  81  6:00  SCV  
  81  6:03  SCV  
  83  6:07  Viking  
  83  6:08  Viking  
  83  6:11  Marine  
  84  6:13  Siege Tank  
  84  6:14  SCV x2  
  84  6:15  Engineering Bay x2  
  84  6:16  SCV  
  89  6:26  SCV x2  
  89  6:28  SCV  
  89  6:29  Supply Depot, Marine  
  89  6:31  Supply Depot  
  92  6:35  Barracks Reactor x2  
  92  6:38  Barracks x2, SCV  
  93  6:42  Terran Infantry Weapons Level 1  
  93  6:43  SCV  
  93  6:50  Sensor Tower  
  93  6:51  SCV x2, Siege Tank  
  98  6:55  SCV  
  98  6:56  Viking  
  98  6:57  Viking  
  98  7:01  Supply Depot  
  103  7:02  Refinery  
  103  7:03  SCV x2, Refinery  
  103  7:07  SCV  
  106  7:09  Terran Infantry Armor Level 1  
  106  7:15  SCV x2  
  108  7:19  SCV  
  108  7:22  Marine x5  
  113  7:23  Command Center  
  113  7:26  Supply Depot  
  113  7:27  Supply Depot, SCV x2  
  113  7:28  Barracks Reactor  
  113  7:29  Barracks Reactor  
  115  7:38  SCV  
  115  7:39  SCV  
  115  7:44  Combat Shield  
  117  7:45  Supply Depot x2  
  117  7:46  Armory  
  117  7:48  SCV, Medivac, Siege Tank, Marine x2  
  117  7:49  Marine x3  
  117  7:51  Medivac  
  130  8:01  Missile Turret  
  130  8:04  Marine  
  131  8:05  Marine  
  131  8:06  Marine x6  
  131  8:09  SCV x3  
  141  8:13  Supply Depot, Marine  
  141  8:15  Supply Depot  
  138  8:21  Siege Tank, Marine  
  138  8:23  Viking x2, Marine x2  
  138  8:24  Marine  
  138  8:25  Factory  
  149  8:29  Marine  
  149  8:32  SCV  
  149  8:33  SCV x2  
  153  8:37  Terran Vehicle Weapons Level 1, Terran Infantry Weapons Level 2  
  153  8:40  Marine x5  
  158  8:41  Marine  
  158  8:42  Marine x2  
  158  8:47  Marine  
  162  8:55  Viking x2, Siege Tank  
  164  8:58  Marine x4  
  164  9:01  Marine x2  
  164  9:04  Marine  
  164  9:06  Marine  
  164  9:09  SCV x3  
  161  9:13  Missile Turret  
  161  9:14  Planetary Fortress  
  161  9:15  Missile Turret  
  161  9:16  Marine x3  
  163  9:19  Marine  
  163  9:20  Barracks Reactor  
  164  9:26  Marine x3  
  164  9:27  Siege Tank  
  170  9:33  Siege Tank  
  170  9:37  Medivac  
  170  9:38  Command Center, Medivac  
  177  9:40  Refinery, Terran Infantry Armor Level 2  
  177  9:43  Refinery  
  177  9:46  Supply Depot  
  177  9:51  Sensor Tower  
  177  9:56  Command Center  
  177  9:59  Siege Tank  
  180  10:02  Starport  
  180  10:03  Starport  
  179  10:14  Missile Turret  
  179  10:15  Missile Turret  
  179  10:17  Missile Turret  
  179  10:20  Command Center  
  179  10:21  Command Center  
  173  10:34  Siege Tank, Marine x2  
  178  10:40  Viking x2  
  179  10:45  Terran Vehicle Weapons Level 2, Starport Tech Lab x2  
  179  10:50  Command Center  
  176  11:01  Command Center  
  176  11:06  Factory Tech Lab  
  176  11:17  Viking x2, Raven x2, Refinery  
  176  11:18  Refinery  
  184  11:21  Corvid Reactor  
  184  11:23  Planetary Fortress  
  184  11:24  Marine  
  184  11:25  Marine  
  186  11:27  Sensor Tower  
  186  11:32  Marine x2  
  188  11:36  Marine  
  188  11:37  Marine x2  
  188  11:39  Missile Turret  
  191  11:40  Orbital Command  
  191  11:41  Missile Turret  
  191  11:50  Orbital Command  
  191  11:51  Orbital Command  
  191  11:55  Command Center  
  191  12:06  Viking x2, Raven x2  
  193  12:10  Starport  
  193  12:13  Starport  
  193  12:14  Siege Tank x2  
  192  12:24  Terran Infantry Weapons Level 3, Terran Infantry Armor Level 3  
  191  12:40  Viking x2  
  189  12:46  Viking  
  189  12:50  Armory  
  189  12:51  Viking  
  193  12:52  Raven x2  
  193  12:58  Command Center  
  197  13:00  Command Center  
  197  13:06  Terran Ship Weapons Level 1  
  195  13:15  Orbital Command x2  
  195  13:16  Command Center  
  192  13:37  Starport Tech Lab, Raven x2, Starport Reactor  
  192  13:39  Command Center  
  196  13:43  Sensor Tower  
  196  13:46  Marine  
  196  13:47  Marine x4  
  194  13:55  Terran Vehicle And Ship Armor Level 1  
  191  13:56  Marine  
  191  13:57  Marine x2  
  191  14:00  Sensor Tower  
  191  14:02  Siege Tank, Marine x2  
  193  14:04  Marine x2  
  193  14:09  Siege Tank  
  199  14:16  Command Center  
  199  14:18  Sensor Tower  
  199  14:21  Orbital Command  
  199  14:22  Command Center  
  197  14:36  Viking x2, Raven  
  197  14:38  Missile Turret  
  199  14:39  Raven  
  199  14:43  Raven  
  200  14:51  Missile Turret  
  196  15:00  Command Center  
  196  15:07  Orbital Command  
  196  15:12  Terran Ship Weapons Level 2  
  196  15:13  Starport x2  
  196  15:14  Command Center, Starport  
  194  15:19  Raven  
  195  15:22  Raven  
  195  15:30  Viking x3, Raven  
  195  15:33  Hi-Sec Auto Tracking, Neosteel Armor  
  199  15:41  Orbital Command  
  199  15:42  Orbital Command  
  199  15:43  Orbital Command  
  199  15:47  Refinery  
  199  15:48  Refinery, Planetary Fortress  
  199  15:56  Starport Tech Lab, Starport Reactor  
  199  16:01  Missile Turret  
  199  16:02  Starport Tech Lab  
  199  16:04  Viking, Missile Turret  
  189  16:05  Viking  
  189  16:07  Raven x2  
  189  16:10  Terran Vehicle And Ship Armor Level 2  
  195  16:13  Raven  
  194  16:19  Viking x2  
  194  16:25  Orbital Command  
  194  16:30  Viking x2  
  194  16:31  Orbital Command  
  198  16:34  Viking  
  181  17:10  Viking x5  
  181  17:11  Viking x3  
  181  17:12  Raven x2  
  193  17:16  Marine x2  
  195  17:24  Viking  
  195  17:25  Smart Servos  
  190  17:40  Viking x5  
  198  17:55  Viking  
  185  18:07  Marine  
  184  18:13  Viking x2  
  184  18:19  Marine  
  181  18:20  Viking x3  
  181  18:25  Viking x2  
  185  18:30  Viking x2  
  185  18:31  Viking, Marine x2  
  191  18:37  Raven  
  193  18:48  Siege Tank x2  
  178  19:15  Marine x2  
  152  19:17  Marine  
  152  19:18  Marine  
Show
View Real Time Build Order
Export as new Build Order

Clem Terran 

Build Orders:  

Get SALT Encoding   

  12  0:00  SCV  
  13  0:12  SCV  
  14  0:16  Supply Depot  
  14  0:24  SCV  
  15  0:38  SCV  
  15  0:40  Barracks  
  16  0:43  Refinery  
  16  0:50  SCV  
  16  0:52  Refinery  
  17  1:02  SCV  
  18  1:14  SCV  
  19  1:27  Reaper, Orbital Command  
  19  1:31  Supply Depot  
  20  1:40  Factory  
  20  1:53  SCV  
  21  1:59  Reaper  
  22  2:05  SCV  
  23  2:15  Command Center  
  23  2:17  SCV  
  24  2:23  Hellion  
  24  2:29  SCV  
  27  2:31  Reaper  
  27  2:36  Supply Depot  
  28  2:41  SCV  
  28  2:43  Starport  
  29  2:48  Widow Mine  
  31  2:57  SCV  
  32  3:05  Barracks Reactor  
  32  3:09  SCV  
  32  3:10  Factory Tech Lab  
  33  3:18  Refinery  
  33  3:21  SCV, Starport Tech Lab  
  34  3:33  Cyclone, SCV  
  34  3:34  SCV  
  37  3:41  Marine x2  
  37  3:45  Orbital Command  
  37  3:46  SCV  
  40  3:54  Raven  
  42  3:58  SCV  
  42  3:59  Supply Depot, Marine x2  
  45  4:09  Cyclone  
  48  4:10  SCV  
  48  4:11  SCV  
  50  4:21  Command Center  
  50  4:22  SCV  
  50  4:24  SCV  
  52  4:30  Marine  
  52  4:31  Marine  
  54  4:34  SCV  
  54  4:35  Supply Depot  
  54  4:36  SCV  
  56  4:39  Raven  
  58  4:46  SCV  
  58  4:48  Supply Depot, SCV  
  60  4:56  Siege Tank  
  60  4:57  Supply Depot  
  60  4:58  SCV  
  64  5:00  SCV  
  64  5:01  Marine x2  
  67  5:10  SCV  
  67  5:12  Barracks, SCV  
  69  5:15  Barracks  
  69  5:20  Refinery  
  69  5:22  SCV, Raven  
  69  5:23  Marine  
  69  5:24  SCV, Marine  
  75  5:32  Siege Tank  
  75  5:34  Orbital Command  
  75  5:35  SCV  
  79  5:36  SCV  
  80  5:43  Marine x2  
  80  5:47  Engineering Bay, SCV  
  80  5:48  SCV  
  84  5:50  Engineering Bay  
  84  5:52  Supply Depot  
  84  5:59  SCV  
  84  6:00  SCV  
  84  6:03  Barracks Reactor x2  
  86  6:06  Orbital Command  
  86  6:09  Siege Tank  
  86  6:11  SCV  
  88  6:12  SCV  
  89  6:20  Terran Infantry Armor Level 1, Terran Infantry Weapons Level 1  
  89  6:22  Viking, Marine  
  89  6:23  SCV  
  89  6:25  SCV  
  94  6:27  Viking  
  94  6:28  Supply Depot  
  94  6:32  SCV  
  97  6:35  SCV  
  97  6:36  Refinery  
  97  6:37  SCV, Refinery  
  99  6:40  Marine  
  99  6:41  Marine x2  
  99  6:43  Marine  
  99  6:44  SCV  
  104  6:47  SCV  
  104  6:49  SCV  
  104  6:50  Siege Tank  
  104  6:51  Stimpack  
  104  6:54  Supply Depot  
  109  6:56  SCV  
  109  6:59  SCV  
  109  7:00  Marine x4  
  109  7:01  SCV, Marine  
  116  7:05  Barracks x2  
  117  7:10  Supply Depot  
  117  7:15  SCV x3  
  120  7:20  Viking x2  
  124  7:26  Armory  
  124  7:27  SCV  
  124  7:28  SCV  
  124  7:29  SCV  
  125  7:31  Factory, Marine x2  
  125  7:32  Siege Tank  
  125  7:33  Marine x2  
  125  7:34  Marine  
  132  7:39  Supply Depot, SCV  
  133  7:47  Sensor Tower  
  133  7:53  Command Center  
  133  7:57  Supply Depot, Barracks Reactor x2  
  133  7:59  Supply Depot  
  133  8:01  SCV, Medivac x2  
  136  8:06  Siege Tank  
  136  8:07  Marine x2  
  136  8:08  Supply Depot  
  136  8:09  Supply Depot  
  141  8:16  Marine  
  141  8:19  Marine x2  
  143  8:21  Supply Depot  
  143  8:24  Supply Depot  
  143  8:25  Marine x2  
  145  8:28  Terran Infantry Weapons Level 2, Terran Infantry Armor Level 2  
  145  8:30  Combat Shield  
  145  8:34  Marine x3  
  145  8:36  Marine x2  
  145  8:38  Viking x2  
  145  8:39  Factory Tech Lab  
  154  8:45  Terran Vehicle Weapons Level 1, Missile Turret  
  154  8:51  Siege Tank  
  154  8:52  Marine  
  158  8:56  Marine  
  158  8:57  SCV  
  158  9:00  Refinery  
  158  9:01  Sensor Tower  
  158  9:03  Refinery  
  158  9:04  Marine x3  
  158  9:05  Siege Tank  
  158  9:07  SCV x2  
  158  9:09  SCV  
  166  9:12  Medivac x2  
  166  9:16  Command Center  
  170  9:19  SCV  
  168  9:26  Siege Tank  
  168  9:29  SCV, Marine x2  
  174  9:32  Marine  
  174  9:35  Planetary Fortress, Marine x3  
  174  9:37  SCV x2  
  180  9:40  Siege Tank  
  183  9:50  Command Center  
  183  9:52  Missile Turret  
  183  9:55  Starport  
  183  9:57  Starport  
  183  9:59  Marine  
  184  10:00  Marine x3  
  184  10:04  Siege Tank  
  190  10:09  Barracks Reactor  
  190  10:12  Missile Turret, Siege Tank  
  193  10:15  Marine x2  
  193  10:19  Viking  
  193  10:21  Viking  
  197  10:24  Marine  
  197  10:25  Marine  
  199  10:28  Marine  
  191  10:36  Siege Tank  
  191  10:40  Marine  
  185  10:44  Command Center  
  185  10:45  Command Center  
  185  10:47  Siege Tank  
  186  10:50  Raven, Starport Tech Lab  
  186  10:51  Corvid Reactor  
  186  10:52  Viking x2  
  192  11:08  Missile Turret x2, Sensor Tower  
  192  11:11  Refinery  
  192  11:12  Refinery  
  192  11:15  Refinery, Missile Turret  
  192  11:17  Refinery  
  192  11:18  Terran Infantry Weapons Level 3, Terran Infantry Armor Level 3  
  190  11:21  Terran Vehicle Weapons Level 2  
  182  11:31  Planetary Fortress  
  182  11:35  Starport  
  182  11:40  Command Center, Planetary Fortress  
  180  11:56  Viking, Raven x2  
  180  11:57  Marine x9  
  189  12:01  SCV  
  189  12:02  SCV x2  
  189  12:07  Marine  
  178  12:10  SCV  
  178  12:13  Starport Reactor, Starport Tech Lab  
  178  12:14  Marine  
  180  12:19  Orbital Command x2  
  180  12:24  SCV x2  
  180  12:26  SCV x2  
  180  12:29  SCV  
  185  12:31  Sensor Tower  
  185  12:35  Viking  
  185  12:36  Viking  
  188  12:41  Raven  
  188  12:42  Raven  
  191  12:49  Sensor Tower  
  191  12:57  Orbital Command  
  191  13:00  Command Center  
  191  13:02  Armory  
  191  13:04  Starport  
  191  13:06  Viking x2  
  191  13:08  Viking  
  191  13:10  Viking  
  199  13:30  Raven  
  199  13:47  Raven  
  188  13:56  Viking x3  
  188  13:57  Viking, Starport Tech Lab  
  188  13:59  Terran Vehicle And Ship Armor Level 1  
  188  14:01  Starport  
  184  14:12  Raven  
  184  14:15  Raven  
  188  14:21  Marine  
  196  14:26  Viking x2  
  196  14:28  Orbital Command  
  200  14:40  Starport Reactor  
  200  14:41  Raven  
  195  14:55  Raven  
  195  14:57  Command Center  
  195  14:58  Neosteel Armor, Terran Ship Weapons Level 1, Raven  
  195  14:59  Hi-Sec Auto Tracking  
  199  15:12  Viking x2  
  199  15:13  Viking  
  199  15:22  Viking x2  
  199  15:23  Missile Turret  
  199  15:28  Viking  
  198  15:37  Raven  
  198  15:38  Raven  
  200  15:54  Terran Vehicle And Ship Armor Level 2  
  200  16:05  Sensor Tower  
  200  16:06  Missile Turret  
  200  16:09  Orbital Command  
  200  16:32  Missile Turret  
  200  16:33  Missile Turret  
  200  16:36  Missile Turret  
  198  16:40  Raven  
  184  16:54  Missile Turret, Raven x2  
  184  16:55  Viking x2  
  184  16:56  Viking x4  
  186  17:08  Marine x9  
  186  17:09  Marine  
  182  17:19  Siege Tank x2  
  188  17:23  Raven  
  188  17:25  Viking x2  
  188  17:26  Viking x3, Command Center  
  188  17:28  Command Center  
  188  17:29  Missile Turret  
  198  17:31  Missile Turret  
  198  17:34  Marine x6  
  198  17:37  Viking  
  198  17:43  Orbital Command  
  200  18:03  Raven  
  183  18:08  Viking x5  
  183  18:09  Siege Tank x2, Marine x5  
  183  18:10  Marine x4  
  195  18:18  Marine  
  162  18:27  Marine x5  
  162  18:30  Marine x2  
  162  18:31  Marine x2  
  160  18:38  Viking x3, Raven  
  168  18:41  Siege Tank x2  
  168  18:43  Marine  
  168  18:45  Marine x2  
  168  18:47  Viking  
  169  18:55  Marine  
  169  18:56  Marine  
  143  19:15  Marine  
  143  19:16  Marine x5  
Tags
 
Add a new tag
Caveats
  • Supply blocks, unpowered buildings, or Contaminate may cause inaccurate times.
  • Supply counts are checked every 10 seconds.